 Dungeon Crawl Stone Soup version 0.32-a0-859-gb0a091d592 (webtiles) character file.

Game seed: 1414535917879664871

540 jasper the Chopper (level 7, -3/48 (52) HPs)
             Began as a Formicid Fighter on Mar 27, 2024.
             Killed from afar by an orc wizard (8 damage)
             ... with a puff of flame
             ... on level 4 of the Dungeon.
             The game lasted 00:04:55 (2913 turns).

jasper the Chopper (Formicid Fighter)               Turns: 2913, Time: 00:04:55

HP:   -3/48 (52)    AC:  9    Str: 22    XL:     7   Next: 51%
MP:   0/7           EV:  8    Int:  8    God:
Gold: 216           SH:  4    Dex: 13    Spells: 6/6 levels left

rFire   . . .        d - +0 battleaxe
rCold   . . .        c - +0 buckler
rNeg    . . .        b - +0 scale mail
rPois   .            (helmet unavailable)
rElec   .            f - +1 cloak
rCorr   .            (no gloves)
SInv    +            (no boots)
Will    .....        r - amulet of guardian spirit Stlth
                     (no ring)
HPRegen 0.28/turn    (no ring)
MPRegen 0.10/turn

%: guardian spirit
@: drained
A: permanent stasis, dig shafts and tunnels, antennae 3, four strong arms
a: Dig, Shaft Self


You were on level 4 of the Dungeon.
You visited 1 branch of the dungeon, and saw 4 of its levels.

You collected 216 gold pieces.

Inventory:

Hand Weapons
 a - a +0 war axe
 d - a +0 battleaxe (weapon)
 p - a +0 war axe of freezing
Missiles
 j - 3 boomerangs
 o - 6 stones (quivered)
Armour
 b - a +0 scale mail (worn)
 c - a +0 buckler (worn)
 f - a +1 cloak (worn)
 i - a +1 hat
Jewellery
 r - an amulet of guardian spirit (around neck)
Scrolls
 g - a scroll of fear {unknown}
 n - a scroll of noise
Potions
 e - a potion of haste
 h - a potion of berserk rage
 k - a potion of invisibility {unknown}
 l - a potion of lignification {unknown}
 m - a potion of brilliance {unknown}
 s - 2 potions of ambrosia {unknown}


   Skills:
 - Level 3.2 Fighting
 + Level 7.8 Axes
 - Level 3.2 Armour
 - Level 4.0 Shields


You had 6 spell levels left.
You didn't know any spells.
Your spell library contained the following spells:

 Spells                   Type           Power      Damage    Failure   Level
 Summon Small Mammal      Summ           0%         N/A       80%         1
 Static Discharge         Conj/Air       0%         3-3/arc   91%         2
 Call Canine Familiar     Summ           0%         N/A       99%         3
 Airstrike                Air            0%         2d(0-16)  100%        4
 Summon Blazeheart Golem  Fire/Summ      0%         N/A       100%        4
 Summon Lightning Spire   Summ/Air       0%         N/A       100%        4


Dungeon Overview and Level Annotations

Branches:
Dungeon (4/15)
 Temple: D:4-7

Altars:
Trog


Innate Abilities, Weirdness & Mutations

You cannot be hasted, slowed, berserked, paralysed or teleported.
You can dig through walls and to a lower floor.
You have a pair of large antennae on your head. (SInv)
Your four strong arms can wield two-handed weapons with a shield.


Message History

The orc wizard hits you but does no damage.
Space warps horribly around you!
A phantom comes into view.
The orc unwields a +0 flail.
The orc wields a +2 sling of draining.
You sense an unholy aura.
The orc shoots a sling bullet.
The sling bullet hits you but does no damage.
You feel drained.
You take 13 damage, and have 17/51 hp.
MASSIVE DAMAGE!!
You now have 2/7 mp.
You miss the orc wizard.
The orc wizard hits you but does no damage.
The orc shoots a sling bullet.
The sling bullet hits you.
* * * LOW HITPOINT WARNING * * *
You feel drained.
* * * LOW HITPOINT WARNING * * *
The orc wizard hits you but does no damage.
Space warps around you.
* * * LOW HITPOINT WARNING * * *
You take 8 damage, and have 9/49 hp.
Okay, then.
Okay, then.
You aren't carrying any items that you can evoke.
You closely miss the orc wizard.
The orc shoots a sling bullet.
The sling bullet closely misses you. The orc wizard barely misses you.
The orc shoots a sling bullet.
You block the sling bullet.
Okay, then.
You barely miss the orc wizard. You block the orc wizard's attack.
The orc shoots a sling bullet.
The sling bullet hits you.
* * * LOW HITPOINT WARNING * * *
You feel drained.
You take 3 damage, and have 6/48 hp.
The orc wizard hits you but does no damage.
Space warps around you.
* * * LOW HITPOINT WARNING * * *
You take 3 damage, and have 3/48 hp.
You now have 1/7 mp.
There is an open door, spattered with blood here.
As you close the door, it creaks loudly!
A phantom opens the door.
The orc wizard gestures at you while chanting.
The puff of flame hits you!
You die...

#......##. #..........#
#......# #....#)##.###.#
#......# ####........#.#
#..o...# ##....>#.#.#
#......# #####.#.#.#
#..{..^# ##### #.#.#.#
###{#### #...# #.#....
######.#######...####.###.#
........o..@).'...'....#...#
........#######...#######.##
........).....'...'..†....##
........##..###...##########
#######.##..# #...# #
#.##..# #...# # #.##..#
#...# #. #..# ##### #. #..#


You could see an orc wizard (invisible).

Vanquished Creatures
  Sigmund (D:3)
  A phantom (D:4)
  A scorpion (D:3)
  2 bombardier beetles (D:4)
  A sleepcap (D:4)
  An orc priest (D:4)
  3 gnolls (D:4)
  3 adders
  2 ufetubi (D:4)
  2 ribbon worms
  6 orcs
  2 bats (D:2)
  6 endoplasms
  A giant cockroach (D:3)
  6 goblins
  5 hobgoblins
  A quokka (D:3)
  7 ball pythons
  A frilled lizard (D:2)
  4 kobolds
  6 rats
62 creatures vanquished.

Notes
Turn   | Place    | Note
-------+----------+-------------------------------------------
     0 | D:1      | jasper the Formicid Fighter began the quest for the Orb.
     0 | D:1      | Reached XP level 1. HP: 18/18 MP: 1/1
     8 | D:1      | Found a faded altar of an unknown god.
   206 | D:1      | Reached XP level 2. HP: 20/24 MP: 2/2
   709 | D:2      | Reached skill level 3 in Axes
   824 | D:2      | Reached XP level 3. HP: 22/29 MP: 3/3
  1100 | D:2      | Found a bloodstained altar of Trog.
  1536 | D:3      | Noticed a scorpion
  1547 | D:3      | Killed a scorpion
  1548 | D:3      | Reached skill level 4 in Axes
  1548 | D:3      | Reached XP level 4. HP: 34/35 MP: 4/4
  1548 | D:3      | Reached XP level 5. HP: 40/41 MP: 5/5
  1896 | D:3      | Noticed Sigmund
  1907 | D:3      | Killed Sigmund
  1908 | D:3      | Reached skill level 6 in Axes
  1908 | D:3      | Reached XP level 6. HP: 41/47 MP: 6/6
  2619 | D:4      | Reached XP level 7. HP: 23/46 MP: 4/7
  2622 | D:4      | Reached skill level 7 in Axes
  2913 | D:4      | Killed from afar by an orc wizard

Illustrated notes

Levels and vault maps discovered:
D:1:      dpeg_arrival_arbitrary_b, layout_rooms, ebering_ecumenical_altar_webs,
          hex_tiny, serial_bayou_pond_a
D:2:      layout_loops_ring, basic_altar
D:3:      layout_basic, st_stairs_9, chequers_serial_rivers_micro_e,
          minmay_misc_feat_x, kennysheep_cross_room, uniq_sigmund
D:4:      layout_basic

Skill      XL: |  1  2  3  4  5  6  7 |
---------------+----------------------+-----
Axes           | 3 4 6 7 |  7.8
Fighting       | |  3.2
Armour         | |  3.2
Shields        | |  4.0

Action                     |  1- 3 |  4- 6 |  7- 9 || total
---------------------------+-------+-------+-------++-------
  Melee: War axe           |   105 |     2 |       ||   107
         Battleaxe         |       |    84 |    43 ||   127
Ability: Dig               |     1 |     1 |       ||     2
    Use: Scroll            |     5 |     4 |       ||     9
         Potion            |     3 |     3 |       ||     6
 Armour: Scale mail        |    81 |   110 |    41 ||   232
  Dodge: Dodged            |    41 |    68 |    26 ||   135
  Block: Buckler           |    37 |    39 |     6 ||    82

Table legend: (Time is in decaauts)
 A = Elapsed time spent in this place.
 B = Non-inter-level travel time spent in this place.
 C = Inter-level travel time spent in this place.
 D = Time resting spent in this place.
 E = Time spent auto-exploring this place.
 F = Levels seen in this place.
 G = Mean time per level.
                   A        B        C        D        E       F      G
               +--------+--------+--------+--------+--------+-----+--------+
         Total |   3007 |   2918 |     89 |    463 |   1690 |   4 |  751.8 |
       Dungeon |   3007 |   2918 |     89 |    463 |   1690 |   4 |  751.8 |
               +--------+--------+--------+--------+--------+-----+--------+

Top non-repeatable levels by time:
     D:3: 904 daAuts
     D:2: 813 daAuts
     D:1: 706 daAuts
     D:4: 583 daAuts
